 Dungeon Crawl Stone Soup version 0.22-a0-147-gfdd7f25 (webtiles) character file.

1178 tsouns the Grave Robber (level 8, -8/61 HPs)
             Began as a Mummy Necromancer on Feb 6, 2018.
             Was an Initiate of Gozag.
             Mangled by a large slime creature (26 damage)
             ... on level 5 of the Dungeon.
             The game lasted 00:19:26 (4981 turns).

tsouns the Grave Robber (Mummy Necromancer)         Turns: 4981, Time: 00:19:27

Health: -8/61      AC:  5    Str: 12    XL:     8   Next: 18%
Magic:  10/23      EV: 17    Int: 18    God:    Gozag
Gold:   899        SH:  0    Dex: 17    Spells: 6/15 levels left

rFire    . . .     SeeInvis .   e - +0 trident
rCold    + . .     Gourm    .   (no shield)
rNeg     + + +     Faith    .   a - +0 robe
rPois    ∞         Spirit   .   (no helmet)
rElec    .         Reflect  .   (no cloak)
rCorr    .         Harm     .   m - +2 pair of gloves
MR       +....                  (no boots)
Stlth    ++++......             (no amulet)
HPRegen  0.20/turn              g - ring of magical power
MPRegen  0.18/turn              s - ring of Botep {+Fly rF+ Int+2}

@: agile
A: no food or potions, fire vulnerability, cold resistance 1, negative energy
resistance 3, torment resistance, unbreathing
a: Potion Petition, Call Merchant, Bribe Branch, Renounce Religion, Evoke Flight


You were on level 5 of the Dungeon.
You worshipped Gozag.
Gozag was pleased with you.
You were not hungry.

You visited 1 branch of the dungeon, and saw 5 of its levels.
You also visited: Ossuary.

You collected 977 gold pieces.
You paid 78 gold pieces to Gozag.

Inventory:

Hand Weapons
 c - a +0 short sword
 e - a +0 trident (weapon)
 j - a +0 hunting sling
 p - a +2 blowgun
Missiles
 d - 206 stones (quivered)
 h - 11 bolts
 q - 59 poisoned needles
 r - 50 arrows
Armour
 a - a +0 robe (worn)
 m - a +2 pair of gloves (worn)
 t - a +0 buckler
Jewellery
 g - a ring of magical power (left hand)
 s - the ring of Botep (right hand) {+Fly rF+ Int+2}
   (You found it on level 5 of the Dungeon)

   [ring of flight]

   It affects your intelligence (+2).
   It protects you from fire.
   It lets you fly.
Scrolls
 f - a scroll of remove curse
 i - 4 scrolls of identify
 k - 3 scrolls of immolation
 l - 3 scrolls of fear
 n - 3 scrolls of teleportation
 o - a scroll of fog
 u - a scroll of enchant armour
Books
 b - a book of Necromancy

   Spells                             Type                      Level
   a - Pain                           Necromancy                   1
   b - Animate Skeleton               Necromancy                   1
   c - Vampiric Draining              Necromancy                   3
   d - Regeneration                   Charms/Necromancy            3
   e - Animate Dead                   Necromancy                   4


   Skills:
 + Level 4.9 Fighting
 + Level 2.6 Polearms
 + Level 2.6 Throwing
 - Level 1.5 Dodging
 + Level 3.5 Stealth
 - Level 4.4 Spellcasting
 + Level 6.2 Necromancy


You had 6 spell levels left.
You knew the following spells:

 Your Spells              Type           Power        Failure   Level  Hunger
a - Pain                  Necr           ####         1%          1    N/A
b - Animate Skeleton      Necr           N/A          1%          1    N/A
c - Vampiric Draining     Necr           ####......   3%          3    N/A
d - Animate Dead          Necr           N/A          11%         4    N/A

Dungeon Overview and Level Annotations

Branches:
Dungeon (5/15)
 Temple: D:4-7

Altars:
Ashenzari
Gozag
Qazlal
Trog

Annotations:
D:3 Yosebu's ghost, amateur MfGl


Innate Abilities, Weirdness & Mutations

You do not eat or drink.
Your flesh is vulnerable to fire.
You are immune to poison.
Your flesh is cold resistant. (rC+)
You are immune to negative energy. (rN+++)
You are immune to unholy pain and torment.
You can survive without breathing.


Message History

Casting: Vampiric Draining (safe; 3% risk of failure)
Confirm with . or Enter, or press ? or * to list all spells.
Aiming: Vampiric Draining (safe; 3% risk of failure)
Press: ? - help, Shift-Dir - straight line, f/p - large slime creature
Aim: a large slime creature (lightly wounded)
The large slime creature is lightly wounded.
You feel life coursing into your body.
Casting: Vampiric Draining (safe; 3% risk of failure)
Confirm with . or Enter, or press ? or * to list all spells.
Aiming: Vampiric Draining (safe; 3% risk of failure)
Press: ? - help, Shift-Dir - straight line, f/p - large slime creature
Aim: a large slime creature (lightly wounded)
The large slime creature is moderately wounded.
You feel life coursing into your body.
The slime creature quivers.
The large slime creature hits you!
* * * LOW HITPOINT WARNING * * *
The large slime creature hits you!!
You die...
Your body crumbles into a pile of gold.

#.....(.###............######
#......)##..######.....#.....
##.....###..#...^#.....#.####
##..$## #..###..#.....#.<#.#
##'J'## #.......#.....#..<..
#..)..# #..###..#..####.##.#
###.#####..#....#..##......#
#..).J...######.###.#[####
#######.J@..........#..%#
#.###.#.#########.# #.......#
#.# ######### #.# #.# #.#
#.## #... #.##


You could see a large slime creature and a slime creature.

Vanquished Creatures
  Eustachio (D:5)
  Menkaure (D:5)
  Duvessa (D:4)
  A big kobold (D:5)
  A bullfrog (D:4)
  Dowan (D:4)
  A water moccasin zombie (Ossuary)
  A centaur zombie (D:5)
  A hound (D:3)
  A quasit (D:5)
  2 jellies (D:5)
  An orc priest (D:4)
  A bullfrog skeleton (D:5)
  An orc wizard (D:4)
  2 worker ants
  2 big kobold zombies (Ossuary)
  2 mummies (Ossuary)
  A worker ant zombie (D:5)
  6 adders
  4 oozes (D:5)
  4 adder zombies (Ossuary)
  3 worms
  2 dart slugs (D:1)
  5 leopard geckos
  7 orcs
  12 giant cockroaches
  4 gnoll zombies (Ossuary)
  5 goblins
  5 hobgoblins
  4 jackals (D:3)
  15 kobolds
  2 quokkas (D:2)
  2 ball pythons
  5 bats
  9 frilled lizards
  A giant cockroach zombie (D:5)
  A goblin zombie (D:5)
  5 hobgoblin zombies (Ossuary)
  6 kobold zombies (Ossuary)
  7 orc zombies (Ossuary)
  6 rats
  A rat zombie (D:5)
  A fungus (D:1)
144 creatures vanquished.

Vanquished Creatures (collateral kills)
  A bat (D:2)
1 creature vanquished.

Vanquished Creatures (others)
  4 fungi (D:5)
  13 toadstools
17 creatures vanquished.

Grand Total: 162 creatures vanquished

Notes
Turn   | Place    | Note
-------+----------+-------------------------------------------
     0 | D:1      | tsouns the Mummy Necromancer began the quest for the Orb.
     0 | D:1      | Reached XP level 1. HP: 13/13 MP: 4/4
   187 | D:1      | Reached XP level 2. HP: 20/20 MP: 2/6
   200 | D:1      | Learned a level 1 spell: Animate Skeleton
   441 | D:1      | Reached skill level 1 in Fighting
   883 | D:1      | Reached XP level 3. HP: 26/26 MP: 7/7
  1146 | D:2      | Learned a level 3 spell: Vampiric Draining
  1848 | D:3      | Reached XP level 4. HP: 33/33 MP: 8/9
  1866 | D:3      | Learned a level 4 spell: Animate Dead
  1989 | D:3      | Found an opulent altar of Gozag.
  1994 | D:3      | Became a worshipper of Gozag Ym Sagoz the Greedy
  2364 | D:3      | Reached XP level 5. HP: 39/39 MP: 11/11
  2421 | D:3      | Noticed Yosebu's ghost (amateur MfGl)
  2525 | D:4      | Found a bloodstained altar of Trog.
  2577 | D:4      | Found a shattered altar of Ashenzari.
  2614 | D:4      | Reached skill level 5 in Necromancy
  2729 | D:4      | Reached skill level 1 in Throwing
  2729 | D:4      | Reached XP level 6. HP: 32/47 MP: 12/12
  2895 | D:4      | Noticed Duvessa
  2895 | D:4      | Noticed Dowan
  2907 | D:4      | Killed Duvessa
  2920 | D:4      | Killed Dowan
  3314 | D:5      | Entered Level 5 of the Dungeon
  3315 | D:5      | Noticed Eustachio
  3346 | D:5      | Killed Eustachio
  3346 | D:5      | Reached XP level 7. HP: 44/53 MP: 5/13
  3403 | D:5      | Found a sand-covered staircase.
  3552 | Ossuary  | Entered an ossuary
  3613 | Ossuary  | Reached skill level 1 in Polearms
  4334 | D:5      | Noticed a slime creature
  4335 | D:5      | Noticed a slime creature
  4335 | D:5      | Noticed a slime creature
  4600 | D:5      | Reached skill level 6 in Necromancy
  4688 | D:5      | Reached XP level 8. HP: 44/61 MP: 14/14
  4717 | D:5      | Got a wavering jade ring
  4718 | D:5      | Identified the ring of Botep {+Fly rF+ Int+2} (You found it on level 5 of the Dungeon)
  4839 | D:5      | Found a stormy altar of Qazlal.
  4919 | D:5      | Noticed Menkaure
  4927 | D:5      | Killed Menkaure
  4981 | D:5      | Mangled by a large slime creature

Vault maps used:
D:1:      ldierk_walled_garden, minmay_gold_behind_fungi, minmay_crystal_room
D:2:      minmay_roachtagon, amethyst_killhole, minmay_misc_feat_doors
D:3:      nicolae_gozag_cash_rules_everything_around_me
D:4:      lemuel_doored_altar, nicolae_overflow_hidden_temple, uniq_duvessa
D:5:      cheibrodos_fertilizer, grunt_qazlal_sundering, first_ration,
          enter_ossuary_4, uniq_eustachio, uniq_menkaure
Ossuary:  ossuary_tomb_2

Skill      XL: |  1  2  3  4  5  6  7 |
---------------+----------------------+-----
Spellcasting   | 3 4 |  4.4
Fighting       | 1 2 3 4 |  4.9
Necromancy     | 5 6 |  6.2
Throwing       | 1 2 |  2.6
Stealth        | 2 3 |  3.5
Polearms       | 2 |  2.6
Dodging        | |  1.5

Action                   |  1- 3 |  4- 6 |  7- 9 || total
-------------------------+-------+-------+-------++-------
Melee: Unarmed           |    13 |       |       ||    13
       Trident           |       |       |   225 ||   225
 Fire: Blowgun           |       |    25 |    11 ||    36
Throw: Stone             |       |       |     1 ||     1
 Cast: Pain              |   108 |   110 |    61 ||   279
       Animate Skeleton  |    16 |     3 |       ||    19
       Vampiric Draining |       |     5 |     4 ||     9
Invok: Potion Petition   |       |       |     1 ||     1
  Use: Scroll            |       |    10 |     2 ||    12
 Stab: Sleeping          |       |       |     6 ||     6
Armor: Robe              |     4 |    16 |    56 ||    76
Dodge: Dodged            |    12 |    23 |   140 ||   175

Table legend:
 A = Spawn XP
 B = Non-spawn XP
 C = Spawn XP percentage of total XP
 D = Spawn monster count
 E = Non-spawn monster count
 F = Spawn count percentage of total count
 G = Total turns spent on level
                    A         B        C        D         E        F      G
               +---------+---------+-------+---------+---------+-------+---------
         Total |       0 |    1684 |   0.0 |       0 |     144 |   0.0 |  4981
               +---------+---------+-------+---------+---------+-------+---------
           D:1 |       0 |      45 |   0.0 |       0 |      24 |   0.0 |  1109
           D:2 |       0 |      38 |   0.0 |       0 |      21 |   0.0 |   685
           D:3 |       0 |     118 |   0.0 |       0 |      28 |   0.0 |   939
           D:4 |       0 |     468 |   0.0 |       0 |      10 |   0.0 |   581
           D:5 |       0 |     809 |   0.0 |       0 |      30 |   0.0 |   985
       Ossuary |       0 |     206 |   0.0 |       0 |      31 |   0.0 |   682
               +---------+---------+-------+---------+---------+-------+---------
